 Dungeon Crawl Stone Soup version 0.21-a0-225-g207ae17 (webtiles) character file.

2672 Banto the Covert (level 9, -8/61 HPs)
             Began as a Demonspawn Skald on Aug 28, 2017.
             Was a Follower of Kikubaaqudgha.
             Mangled by a sixfirhy (9 damage)
             ... summoned by a kobold demonologist
             ... on level 8 of the Dungeon.
             The game lasted 00:19:38 (9025 turns).

Banto the Covert (Demonspawn Skald)                 Turns: 9025, Time: 00:19:38

Health: -8/61      AC:  9    Str: 14    XL:     9   Next: 37%
Magic:  13/13      EV: 12    Int: 19    God:    Kikubaaqudgha [*.....]
Gold:   204        SH:  0    Dex: 13    Spells: 7/12 levels left

rFire    . . .     SeeInvis +   A - +0 short sword (speed)
rCold    + . .     Gourm    .   (no shield)
rNeg     . . .     Faith    .   o - +0 leather armour {rC+}
rPois    +         Spirit   .   (helmet unavailable)
rElec    .         Reflect  .   (no cloak)
rCorr    .         Harm     .   i - +0 pair of gloves
MR       .....     Clarity  +   c - +2 pair of boots {Stlth+}
Stlth    +++++.....             h - amulet of rage
HPRegen  0.20/turn              u - ring of poison resistance
MPRegen  0.13/turn              y - +2 ring of strength

@: about to teleport
A: antennae 3, molten scales 1, blurry vision 1, clarity, clever 1, demonic
guardian 1, high mp 1, sense surroundings 1
a: Receive Corpses, Renounce Religion, Evoke Berserk Rage


You were on level 8 of the Dungeon.
You worshipped Kikubaaqudgha.
Kikubaaqudgha was aware of your devotion.
You were not hungry.

You visited 2 branches of the dungeon, and saw 9 of its levels.

You collected 300 gold pieces.
You spent 96 gold pieces at shops.

Inventory:

Hand Weapons
 A - a +0 short sword of speed (weapon)
Missiles
 e - 4 curare-tipped needles
 C - 2 throwing nets (quivered)
Armour
 c - a +2 pair of boots of stealth (worn)
 i - a +0 pair of gloves (worn)
 o - a +0 leather armour of cold resistance (worn)
 z - a +0 leather armour of magic resistance
Jewellery
 h - an amulet of rage (around neck)
 q - an uncursed amulet of the gourmand
 u - a ring of poison resistance (left hand)
 y - a +2 ring of strength (right hand)
 E - an uncursed ring of fire
 H - a +2 ring of evasion {unknown}
Wands
 w - a wand of paralysis (12/24)
 J - a wand of acid (1/15)
Scrolls
 j - 5 scrolls of remove curse
 k - a scroll of amnesia
 m - 2 scrolls of enchant weapon
 v - 2 scrolls of magic mapping
 B - a scroll of teleportation
 D - 2 scrolls of recharging
 G - 2 scrolls of blinking
 I - a scroll of fog
 K - a scroll of summoning {unknown}
Potions
 a - 2 potions of might
 b - a potion of invisibility {unknown}
 g - 2 potions of lignification
 l - 5 potions of flight
 n - a potion of berserk rage
 p - a potion of heal wounds
 r - a potion of ambrosia {unknown}
 s - a potion of haste {unknown}
 t - 3 potions of curing
Books
 F - Kikubaaqudgha's Handbook of Black Arts
   (Kikubaaqudgha gifted it to you on level 7 of the Dungeon)

   Spells                             Type                      Level
   a - Animate Skeleton               Necromancy                   1
   b - Corpse Rot                     Necromancy                   2
   c - Sublimation of Blood           Necromancy                   2
   d - Vampiric Draining              Necromancy                   3
   e - Control Undead                 Necromancy                   4
Comestibles
 d - 7 bread rations
 f - 6 meat rations
 x - 4 royal jellies


   Skills:
 - Level 2.0 Fighting
 + Level 8.7 Short Blades
 - Level 0.8 Armour
 - Level 1.7 Dodging
 + Level 8.8 Stealth
 - Level 2.0 Spellcasting
 - Level 2.6 Charms


You had 7 spell levels left.
You knew the following spells:

 Your Spells              Type           Power        Failure   Level  Hunger
a - Infusion              Chrm           ##..         7%          1    #......
b - Regeneration          Chrm/Necr      #.........   34%         3    ###....
c - Animate Skeleton      Necr           N/A          21%         1    #......


Dungeon Overview and Level Annotations

Branches:
Dungeon (8/15)             Temple (1/1) D:4
   Lair: D:8-11

Altars:
Ashenzari
Cheibriados
Dithmenos
Elyvilon
Fedhas
Gozag
Kikubaaqudgha
Makhleb
Nemelex Xobeh
Okawaru
Qazlal
Ru
Sif Muna
Trog
Uskayaw
Vehumet
Wu Jian
Xom
Yredelemnul
Zin
The Shining One

Shops:
D:7 !

Annotations:
D:6 CakeIsGreat's ghost, novice GrEE


Innate Abilities, Weirdness & Mutations

You have a pair of large antennae on your head. (SInv)
You are partially covered in molten scales. (AC +2)
A weak demonic guardian rushes to your aid.
Scrolls take you a little longer to read.
You possess an exceptional clarity of mind.
Your mind is acute. (Int +2)
You have an increased reservoir of magic. (+10% MP)
You passively map a small area around you.


Message History

Your white imp disappears in a puff of smoke!
You begin reading the scroll.
You continue reading the scroll.
The sixfirhy closely misses you. The sixfirhy hits you!
* * * LOW HITPOINT WARNING * * *
The sixfirhy shocks you!
* * * LOW HITPOINT WARNING * * *
The ufetubus hits you but does no damage.
The ufetubus hits you.
* * * LOW HITPOINT WARNING * * *
The sixfirhy closely misses you. The white imp gestures at you.
The puff of frost hits you! You resist.
* * * LOW HITPOINT WARNING * * *
The ufetubus hits you but does no damage. x2
As you read the scroll of teleportation, it crumbles to dust.
You feel strangely unstable.
You take 24 damage, and have 1/61 hp.
MASSIVE DAMAGE!!
The sixfirhy hits you!
You die...
Kikubaaqudgha rasps: "You have failed me!
Welcome... death!"

.....## ###.....## ##...###
.....## ##5....## #...## #
......## #.5ยง.#.### ##..##
.......# ###....#.###...#
........# ###........#.....###
..####...# #.#................###
..#* #...##.#..#................
.## *#.....#..#.#...............
.# *, .#........@.K....#.........
.######. ......#3.5K.K..#........
.##. ...##........5.KK..........#
..##. #.#.........K....).......#.
...#.###........................#
...##.............(...(...[...###
...###..........(.............#
................(.).(.........
................(..(..#####...


You could see 2 kobold demonologists, a sixfirhy, 2 big kobolds, a white imp, an
ufetubus and 2 kobolds.

Vanquished Creatures
  Eustachio (D:5)
  A water moccasin (D:7)
  A phantom (D:5)
  A black bear (D:7)
  2 ice beasts (D:7)
  3 ogres
  A centaur (D:5)
  2 scorpions (D:7)
  3 killer bees (D:5)
  10 wights
  3 crimson imps
  2 jellies
  2 hounds
  An orc priest (D:3)
  2 orc wizards (D:8)
  A centaur skeleton (D:7)
  2 iguanas (D:7)
  6 worker ants
  A hound zombie (D:5)
  A hound skeleton (D:5)
  Robin (D:4)
  4 gnolls
  A worker ant zombie (D:5)
  16 adders
  2 howler monkey skeletons
  2 shadow imps
  An ooze (D:3)
  3 dart slugs
  A leopard gecko (D:7)
  12 orcs
  7 bats
  9 giant cockroaches
  16 goblins
  4 hobgoblins
  13 jackals
  7 kobolds
  2 quokkas
  2 ball pythons (D:1)
  9 frilled lizards
  A jackal skeleton (D:4)
  2 leopard gecko skeletons
  A quokka skeleton (D:7)
  11 rats
173 creatures vanquished.

Vanquished Creatures (collateral kills)
  An ice beast (D:6)
  A phantom (D:4)
  2 killer bees (D:5)
  A wight (D:6)
  A crimson imp (D:6)
  A howler monkey (D:4)
  A worm (D:5)
  2 jackals
  A kobold (D:8)
11 creatures vanquished.

Grand Total: 184 creatures vanquished

Notes
Turn   | Place    | Note
-------+----------+-------------------------------------------
     0 | D:1      | Banto the Demonspawn Skald began the quest for the Orb.
     0 | D:1      | Reached XP level 1. HP: 16/16 MP: 3/3
   447 | D:1      | Gained mutation: You are partially covered in molten scales. (AC +2) [demonic ancestry]
   447 | D:1      | Reached XP level 2. HP: 18/22 MP: 5/5
   478 | D:1      | Reached skill level 1 in Stealth
   706 | D:1      | Gained mutation: You have a pair of small antennae on your head. [demonic ancestry]
   706 | D:1      | Reached XP level 3. HP: 20/27 MP: 0/6
  1309 | D:1      | Gained mutation: You have a pair of antennae on your head. [demonic ancestry]
  1309 | D:1      | Reached XP level 4. HP: 28/33 MP: 4/7
  2321 | D:2      | Gained mutation: A weak demonic guardian rushes to your aid. [demonic ancestry]
  2321 | D:2      | Reached XP level 5. HP: 38/38 MP: 8/8
  3261 | D:3      | Learned a level 3 spell: Regeneration
  3298 | D:4      | Reached XP level 6. HP: 44/44 MP: 0/9
  3333 | D:4      | Found a staircase to the Ecumenical Temple.
  3342 | Temple   | Entered the Ecumenical Temple
  3639 | D:4      | Found a hide-covered altar of Uskayaw.
  3639 | D:4      | Found a radiant altar of Vehumet.
  3709 | D:4      | Found an iron altar of Okawaru.
  3717 | D:4      | Found a glowing golden altar of the Shining One.
  3717 | D:4      | Found a sacrificial altar of Ru.
  3759 | D:4      | Noticed Robin
  3790 | D:4      | Killed Robin
  3872 | D:4      | Reached skill level 5 in Short Blades
  4265 | D:5      | Entered Level 5 of the Dungeon
  4371 | D:5      | Gained mutation: You have a pair of large antennae on your head. (SInv) [demonic ancestry]
  4371 | D:5      | Reached XP level 7. HP: 14/50 MP: 1/10
  4768 | D:5      | Reached skill level 5 in Stealth
  4928 | D:5      | Noticed Eustachio
  4970 | D:5      | Killed Eustachio
  5659 | D:5      | Reached XP level 8. HP: 35/56 MP: 0/11
  5687 | D:5      | HP: 2/84 [ogre/giant club (14)]
  6609 | D:6      | Noticed CakeIsGreat's ghost (novice GrEE)
  6882 | Temple   | Became a worshipper of Kikubaaqudgha
  7975 | D:7      | Reached XP level 9. HP: 53/61 MP: 6/12
  8273 | D:7      | Found Erist's Distillery.
  8280 | D:7      | Bought a potion of lignification for 36 gold pieces
  8280 | D:7      | Bought a potion of heal wounds for 60 gold pieces
  8311 | D:7      | Reached * piety under Kikubaaqudgha
  8311 | D:7      | Identified Kikubaaqudgha's Handbook of Black Arts (Kikubaaqudgha gifted it to you on level 7 of the Dungeon)
  8311 | D:7      | Received a gift from Kikubaaqudgha
  8487 | D:7      | Gained mutation: Your body sometimes deteriorates upon taking damage. [potion of mutation]
  8487 | D:7      | Gained mutation: You have an increased reservoir of magic. (+10% MP) [potion of mutation]
  8487 | D:7      | Gained mutation: You possess an exceptional clarity of mind. [potion of mutation]
  8488 | D:7      | Lost mutation: You possess an exceptional clarity of mind. [potion of mutation]
  8488 | D:7      | Lost mutation: Your body sometimes deteriorates upon taking damage. [potion of mutation]
  8488 | D:7      | Gained mutation: You possess an exceptional clarity of mind. [potion of mutation]
  8488 | D:7      | Gained mutation: Scrolls take you a little longer to read. [potion of mutation]
  8488 | D:7      | Gained mutation: Your mind is acute. (Int +2) [potion of mutation]
  8488 | D:7      | Gained mutation: You passively map a small area around you. [potion of mutation]
  8679 | D:8      | Learned a level 1 spell: Animate Skeleton
  8733 | D:8      | Noticed a kobold demonologist
  8737 | D:8      | Noticed a kobold demonologist
  9017 | D:8      | Noticed a sixfirhy
  9024 | D:8      | HP: 1/61 [white imp/puff of frost[a kobold demonologist] (3)]
  9025 | D:8      | Mangled by a sixfirhy

Vault maps used:
D:1:      mushboom_english_gardens
D:3:      serial_curves, eino_curves_04, eino_curves_02, first_bread
D:4:      minitemple, grunt_temple_overflow_open, minmay_temple_entry_trees,
          uniq_robin
D:5:      uniq_eustachio
D:7:      serial_shops, nicolae_shop_trees, grunt_ogre_cave,
          lemuel_another_geyser
D:8:      cheibrodos_steamvent
Temple:   regret_index_temple_sphere_string

Skill      XL: |  1  2  3  4  5  6  7  8 |
---------------+-------------------------+-----
Short Blades   | 2 3 4 5 6 8 |  8.7
Stealth        | 1 2 3 4 6 8 |  8.8
Fighting       | |  2.0
Armour         | |  0.8
Dodging        | |  1.7
Spellcasting   | |  2.0
Charms         | |  2.6

Action                   |  1- 3 |  4- 6 |  7- 9 || total
-------------------------+-------+-------+-------++-------
Melee: Short sword       |   195 |   304 |   451 ||   950
 Cast: Infusion          |     9 |    15 |    16 ||    40
 Abil: Evoke Berserk Rag |       |       |     3 ||     3
  Use: Scroll            |     4 |    10 |     3 ||    17
       Potion            |       |       |     5 ||     5
 Stab: Distracted        |     1 |     1 |     3 ||     5
       Sleeping          |       |     5 |    24 ||    29
  Eat: Chunk             |     2 |     9 |    17 ||    28
       Fruit             |       |       |     2 ||     2
Armor: Leather armour    |    33 |    82 |    96 ||   211
       Ring mail         |    66 |       |       ||    66
Dodge: Dodged            |   142 |   156 |   180 ||   478

Table legend:
 A = Spawn XP
 B = Non-spawn XP
 C = Spawn XP percentage of total XP
 D = Spawn monster count
 E = Non-spawn monster count
 F = Spawn count percentage of total count
 G = Total turns spent on level
                    A         B        C        D         E        F      G
               +---------+---------+-------+---------+---------+-------+---------
         Total |     657 |    3161 |  17.2 |      34 |     150 |  18.5 |  9025
               +---------+---------+-------+---------+---------+-------+---------
           D:1 |      31 |      72 |  30.1 |      11 |      32 |  25.6 |  1475
           D:2 |       1 |     111 |   0.9 |       1 |      17 |   5.6 |  1111
           D:3 |      50 |      55 |  47.6 |       7 |      14 |  33.3 |   691
           D:4 |     117 |     218 |  34.9 |       2 |      24 |   7.7 |   852
           D:5 |     136 |     819 |  14.2 |       3 |      21 |  12.5 |  1821
           D:6 |      84 |     568 |  12.9 |       5 |      14 |  26.3 |  1353
           D:7 |     237 |    1053 |  18.4 |       4 |      21 |  16.0 |  1305
           D:8 |       1 |     265 |   0.4 |       1 |       7 |  12.5 |   240
               +---------+---------+-------+---------+---------+-------+---------

Table legend:
 A = Turns spent in this place as a percentage of turns spent in the entire game.
 B = Non-inter-level travel turns spent in this place as a percentage of non-inter-level travel turns spent in the entire game.
 C = Inter-level travel turns spent in this place as a percentage of turns spent in this place.
 D = Turns resting spent in this place as a percentage of non-inter-level travel turns spent in this place.
 E = Turns spent auto-exploring this place as a percentage of non-inter-level travel turns spent in this place.
 F = Non-inter-level travel turns spent in this place divided by the number of levels of this place that you've seen.
                   A       B       C       D       E      F
               +-------+-------+-------+-------+-------+----------------------
         Total | 100.0 | 100.0 |   4.4 |  24.0 |  40.8 | 958.3
       Dungeon |  98.0 |  98.3 |   4.1 |  24.4 |  39.8 | 1060.1
        Temple |   2.0 |   1.7 |  18.6 |   0.0 |  97.9 | 144.0
               +-------+-------+-------+-------+-------+----------------------

Table legend:
 A = Kills in this place as a percentage of kills in entire the game.
 B = Kills by you in this place as a percentage of kills by you in the entire game.
 C = Kills by friends in this place as a percentage of kills by friends in the entire game.
 D = Other kills in this place as a percentage of other kills in the entire game.
 E = Experience gained in this place as a percentage of experience gained in the entire game.
 F = Experience gained in this place divided by the number of levels of this place that you have seen.
                   A       B       C       D       E      F
               +-------+-------+-------+-------+-------+----------------------
         Total | 100.0 | 100.0 | 100.0 |   N/A | 100.0 | 424.2
       Dungeon | 100.0 | 100.0 | 100.0 |   N/A | 100.0 | 477.2
               +-------+-------+-------+-------+-------+----------------------
